 Dungeon Crawl Stone Soup version 0.31.0-4-g52a2dc7128 (webtiles) character file.

Game seed: 14563166970578884305

124692 Amplified the Warrior (level 16, -1/138 HPs)
             Began as a Demonspawn Artificer on Jan 22, 2024.
             Was a High Priest of Okawaru.
             Engulfed by Bai Suzhen's thunder (58 damage)
             ... on level 3 of the Spider Nest on Jan 23, 2024.
             The game lasted 01:11:08 (26476 turns).

Amplified the Warrior (Demonspawn Artificer)       Turns: 26476, Time: 01:11:08

Health: -1/138     AC: 36    Str: 19    XL:     16   Next: 16%
Magic:  25/25      EV: 10    Int: 17    God:    Okawaru [*****.]
Gold:   321        SH:  0    Dex: 19    Spells: 15/15 levels left

rFire   + . .        x - +8 mithril axe "Arga" {speed, Will+}
rCold   + + .        (no shield)
rNeg    . . .        r - +3 crystal plate armour {rC+}
rPois   +            A - +1 helmet {SInv}
rElec   .            q - scarf {rC+ rF+}
rCorr   .            e - +0 pair of gloves
SInv    +            u - +0 pair of boots
Will    ++++.        y - amulet of faith Stlth
                     U - ring "Jeompalo" {Int+6 Slay+5}
HPRegen 2.43/turn    w - ring of Sieceelu {rPois Will+ Dex+3}
MPRegen 0.19/turn

%: faith
@: heroic, finesse-ful, studying Dodging, very slow
A: hooves 2, thin metallic scales 1, powered by death 3, spiny 1, demonic
willpower
a: Renounce Religion, Heroism, Finesse, Duel


You were on level 3 of the Spider Nest.
You worshipped Okawaru.
Okawaru was extremely pleased with you.
You visited 5 branches of the dungeon, and saw 26 of its levels.
You also visited: Gauntlet and Ice Cave.

You collected 2677 gold pieces.
You spent 2356 gold pieces at shops.

Inventory:

Hand Weapons
 x - the +8 mithril axe "Arga" (weapon) {speed, Will+}
   (You found it on level 13 of the Dungeon)

   Will+:     It increases your willpower.
 W - the +11 flail "Eveshr Vousk" {freeze, rPois rC+}
   (You found it in a Gauntlet)

   rC+:       It protects you from cold.
   rPois:     It protects you from poison
Missiles
 k - a curare-tipped dart (quivered)
 l - 36 poisoned darts
 G - 5 silver javelins
Armour
 e - a +0 pair of gloves (worn)
 q - a scarf of resistance (worn)
 r - a +3 crystal plate armour of cold resistance (worn)
 t - +0 acid dragon scales
 u - a +0 pair of boots (worn)
 A - a +1 helmet of see invisible (worn)
 B - the +1 cloak of Recklessness {Fly}
   (You found it on level 8 of the Dungeon)

   Fly:       It grants you flight.
 D - +0 swamp dragon scales
 Z - the +3 chain mail "Ekket" {rElec Str-5 Int+8 Stlth+}
   (You found it in a Gauntlet)

   Str-5:     It affects your strength (-5).
   Int+8:     It affects your intelligence (+8).
   rElec:     It insulates you from electricity.
   Stlth+:    It makes you more stealthy.
Jewellery
 f - a ring of protection from cold
 s - the amulet "Ocodiv" {rElec rN+ Regen+ Str-5 Slay+5}
   (You bought it in a shop on level 2 of the Orcish Mines)

   [amulet of regeneration]

   Str-5:     It affects your strength (-5).
   Slay+5:    It affects your accuracy & damage with ranged weapons and melee
   (+5).
   rElec:     It insulates you from electricity.
   rN+:       It protects you from negative energy.
   Regen+:    It increases your rate of health regeneration.
 w - the ring of Sieceelu (right hand) {rPois Will+ Dex+3}
   (You bought it in a shop on level 2 of the Orcish Mines)

   [ring of poison resistance]

   Dex+3:     It affects your dexterity (+3).
   rPois:     It protects you from poison Will+: It increases your willpower.
 y - an amulet of faith (around neck)
 I - a +5 ring of evasion
 T - a ring of positive energy
 U - the ring "Jeompalo" (left hand) {Int+6 Slay+5}
   (You found it in a Gauntlet)

   [ring of intelligence]

   Int+6:     It affects your intelligence (+6).
   Slay+5:    It affects your accuracy & damage with ranged weapons and melee
   (+5).
 V - a ring of protection from fire
 X - a ring of flight
Wands
 i - a wand of mindburst (3)
 N - a wand of flame (38)
 P - a wand of digging (4)
 Q - a wand of roots (4)
Scrolls
 b - a scroll of poison
 d - 5 scrolls of enchant weapon
 h - a scroll of identify
 j - 2 scrolls of butterflies
 o - a scroll of torment
 p - 4 scrolls of amnesia
 K - 2 scrolls of immolation
 L - a scroll of revelation
 O - a scroll of brand weapon
 S - 3 scrolls of teleportation
 Y - 4 scrolls of fear
Potions
 a - 3 potions of mutation
 c - 2 potions of haste
 n - 2 potions of attraction
 v - a potion of cancellation
 C - a potion of magic
 E - 3 potions of brilliance
 F - a potion of ambrosia
 H - a potion of heal wounds
 J - 2 potions of curing
 R - 2 potions of might
Miscellaneous
 g - a lightning rod (3/4)
 z - a condenser vane (inert)
 M - a phial of floods


   Skills:
 * Level 15.9(20.9) Fighting
 * Level 14.2(19.8) Axes
 - Level 6.8(16.4) Maces & Flails
 - Level 3.9(8.9) Throwing
 * Level 12.9(17.9) Armour
 * Level 9.3(14.3) Dodging
 - Level 0.8(5.8) Stealth
 - Level 12.2 Invocations
 - Level 3.0 Evocations


You had 15 spell levels left.
You didn't know any spells.
Your spell library contained the following spells:

 Spells                   Type           Power      Damage    Failure   Level
 Apportation              Tloc           0%         N/A       100%        1
 Blink                    Tloc           0%         N/A       100%        2
 Jinxbite                 Hex            0%         N/A       100%        2
 Lesser Beckoning         Tloc           0%         N/A       100%        2
 Mercury Vapours          Alch/Air       0%         N/A       100%        2
 Momentum Strike          Conj/Tloc      0%         3d8       100%        2
 Frozen Ramparts          Ice            0%         1d1       100%        3
 Fugue of the Fallen      Necr           0%         N/A       100%        3
 Gell's Gravitas          Tloc           0%         N/A       100%        3
 Hailstorm                Conj/Ice       0%         3d5       100%        3
 Mephitic Cloud           Conj/Alch/Air  0%         N/A       100%        3
 Ozocubu's Armour         Ice            0%         N/A       100%        3
 Volatile Blastmotes      Fire/Tloc      0%         2d10      100%        3
 Anguish                  Hex/Necr       0%         N/A       100%        4
 Brom's Barrelling Bould  Conj/Erth      0%         2d3       100%        4
 Ignite Poison            Fire/Alch      0%         N/A       100%        4
 Sticky Flame             Fire/Alch      0%         2d4       100%        4
 Vhi's Electric Charge    Tloc/Air       0%         N/A       100%        4
 Alistair's Intoxication  Alch           0%         N/A       100%        5
 Arcjolt                  Conj/Air       0%         1d10      100%        5
 Borgnjor's Vile Clutch   Necr/Erth      0%         N/A       100%        5
 Fireball                 Conj/Fire      0%         3d3       100%        5
 Freezing Cloud           Conj/Ice/Air   0%         6-21      100%        5
 Iskenderun's Battlesphe  Conj           0%         2d6       100%        5
 Lee's Rapid Deconstruct  Erth           0%         3d4*      100%        5
 Bombard                  Conj/Erth      0%         9d1       100%        6
 Conjure Ball Lightning   Conj/Air       0%         3x3d6     100%        6
 Eringya's Noxious Bog    Alch           0%         4d6       100%        6
 Plasma Beam              Fire/Air       0%         2x1d10    100%        6
 Orb of Destruction       Conj           0%         9d5       100%        7
 Ignition                 Fire           0%         3d3       100%        8
 Polar Vortex             Ice            0%         N/A       100%        9
 Summon Ice Beast         Ice/Summ       Unusable   N/A       N/A         3
 Animate Armour           Summ/Erth      Unusable   N/A       N/A         4
 Summon Lightning Spire   Summ/Air       Unusable   N/A       N/A         4
 Sculpt Simulacrum        Ice/Alch       Unusable   N/A       N/A         6
 Haunt                    Necr/Summ      Unusable   N/A       N/A         7
 Spellforged Servitor     Conj/Summ      Unusable   N/A       N/A         7

Dungeon Overview and Level Annotations

Branches:
Dungeon (15/15)            Temple (1/1) D:6            Lair (5/5) D:11
 Shoals (0/4) Lair:3       Spider (3/4) Lair:2          Orc (2/2) D:9
    Elf (0/3) Orc:2        Vaults (0/5) D:13         Depths (0/4) D:15
  IceCv (visited)         Gauntlet (visited)
  Slime: Lair:4-5

Altars:
Ashenzari
Cheibriados
Dithmenos
Fedhas
Gozag
Hepliaklqana
Kikubaaqudgha
Makhleb
Nemelex Xobeh
Okawaru
Qazlal
Ru
Sif Muna
Trog
Uskayaw
Vehumet
Wu Jian
Xom
Yredelemnul

Shops:
D:6 (   D:15 *   Orc:2 ?=!=

Portals:
Trove: D:10 (give +3 shadow dragon scales)

Annotations:
D:8 exclusion: statue
D:12 Jorgrun
Spider:3 Bai Suzhen


Innate Abilities, Weirdness & Mutations

You have hoof-like feet.
You are partially covered in thin metallic scales. (AC +2)
You regenerate a lot of health from kills.
You are partially covered in sharp spines.
You punish those that try to bend your will. (Will+)


Message History

Bai Suzhen is almost dead.
Unknown command.
You hit Bai Suzhen.
Bai Suzhen is almost dead.
Unknown command.
Your unstable footing causes you to fumble your attack.
Bai Suzhen bites you but does no damage.
Bai Suzhen claws you but does no damage.
Bai Suzhen tramples you.
You hold your ground!
Unknown command.
You hit Bai Suzhen but do no damage.
Bai Suzhen is almost dead.
Unknown command.
Your unstable footing causes you to fumble your attack.
You are engulfed in a thunderstorm.
Unknown command.
Unknown command.
Bai Suzhen breathes water at you. The torrent of water hits you!
You are knocked back by the torrent of water.
You pick your way through the web.
The wave splashes down.
You hear a faint skittering sound. x2
Unknown command.
Unknown command.
Bai Suzhen is caught in a web!
You completely miss Bai Suzhen.
Bai Suzhen is severely wounded.
You are engulfed in a thunderstorm.
Bai Suzhen breathes water at you. The torrent of water hits you!!
The wave splashes down.
Splash!
You fall into the shallow water.
Moving in this stuff is going to be slow.
Bai Suzhen pulls away from the web.
You hear a faint skittering sound.
You hit Bai Suzhen.
Bai Suzhen is severely wounded.
Unknown command.
You are engulfed in a thunderstorm.
You die...

.... ##..... #.######
###^...... #...<(.####
##........#
#.####†..§.###.........#
####§§^§††........#
###^#§§§.......##
#§##§§§........# ...
##D@......#.. ....
##§§......... .^....
#~~~.........
.............##.....
....................
.....^.............
................ ..
..............<. .
...####....#....


You could see Bai Suzhen (clouds).

Vanquished Creatures
  Mlioglotl (Spider:3)
  Frances (D:13)
  Kirke (D:14)
  A fire giant (D:15)
  2 orc warlords
  The ghost of jazmu the Fighter, a journeyman FoHu of Okawaru (Orc:2)
  A broodmother (Spider:1)
  Nessos (D:14)
  2 minotaurs
  2 fire dragons (Lair:5)
  An ettin (Orc:2)
  Josephine (D:10)
  3 entropy weavers
  8 hydras
  An ice dragon (D:13)
  A catoblepas (Lair:4)
  2 ogre magi (Orc:2)
  A death knight (D:15)
  7 two-headed ogres (Orc:2)
  8 centaur warriors
  7 death yaks
  2 boulder beetles
  An orc high priest (Orc:1)
  A demonic crawler (Spider:1)
  A skyshark (Lair:5)
  2 pharaoh ants
  2 deep trolls (Orc:2)
  A swamp dragon (Lair:5)
  A glowing orange brain (shapeshifter) (D:13)
  An orc knight (D:8)
  A lindwurm (Lair:5)
  A necromancer (IceCv)
  A harpy (shapeshifter) (D:8)
  7 steelbarb worms
  2 deep elf pyromancers (D:12)
  An oklob plant (Lair:5)
  9 wolf spiders
  3 manticores
  3 orc sorcerers
  4 ugly things
  3 cyclopes
  3 elephants (Lair:3)
  A kobold blastminer (Orc:2)
  3 moths of wrath
  An ice statue (IceCv)
  4 black mambas (Lair:5)
  11 cane toads
  Maggie (D:9)
  4 gargoyles
  An unseen horror (shapeshifter) (D:14)
  A kobold demonologist (D:11)
  5 torpor snails (Lair:5)
  3 komodo dragons (Lair:5)
  An unseen horror (D:12)
  6 rime drakes
  6 freezing wraiths
  An anaconda simulacrum (IceCv)
  Jeremiah (Lair:1)
  14 ice devils
  14 trolls
  9 polar bears
  11 hornets
  4 tyrant leeches (Lair:5)
  2 tarantellas (Spider:2)
  7 slime creatures (D:13)
  5 blink frogs (Lair:3)
  The ghost of bimbombam the Insei, an amateur OpSh of Ashenzari (D:4)
  4 culicivoras
  7 shadows
  44 yaks
  4 dire elephant simulacra (IceCv)
  3 jumping spiders
  3 centaur simulacra (Gauntlet)
  A vampire (D:9)
  6 basilisks
  2 water elementals (D:15)
  7 wraiths
  3 hogs (D:14)
  2 humans (D:14)
  6 wargs
  8 wyverns
  Grum (D:9)
  3 steam dragons
  6 vampire mosquitoes
  Menkaure (D:7)
  17 redbacks
  7 death yak simulacra
  2 harpy simulacra (IceCv)
  15 water moccasins
  2 hydra simulacra (IceCv)
  3 acid dragons
  3 swamp drakes (Lair:5)
  A meliai simulacrum (Gauntlet)
  15 orc warriors
  A sky beast (D:6)
  3 laughing skulls
  An ice beast (D:7)
  20 ogres
  10 wolves
  14 centaurs
  2 phantoms
  5 bullfrogs
  3 kobold brigands
  2 scorpions
  A two-headed ogre simulacrum (IceCv)
  5 cane toad simulacra (IceCv)
  10 wights
  4 elephant simulacra (IceCv)
  4 killer bees (D:10)
  3 vampire bats (D:10)
  3 electric eels
  3 howler monkeys (D:9)
  A wyvern simulacrum (Gauntlet)
  12 orc priests
  2 bombardier beetles
  2 hounds
  6 jellies
  A sleepcap (D:6)
  9 iguanas
  2 polar bear simulacra
  28 orc wizards
  A spriggan simulacrum (IceCv)
  4 troll simulacra
  4 wolf simulacra (IceCv)
  A human simulacrum (D:11)
  5 gnolls
  3 adders
  3 white imps
  2 ufetubi (IceCv)
  A dart slug (D:1)
  89 orcs
  11 ball pythons
  3 bat skeletons (D:10)
  4 bat zombies (D:10)
  5 endoplasms
  7 giant cockroaches
  3 goblins
  7 hobgoblins
  3 quokkas
  5 bats
  5 frilled lizards
  12 kobolds
  9 rats
740 creatures vanquished.

Vanquished Creatures (collateral kills)
  2 orc wizards (D:5)
  2 gnolls (D:6)
  2 orcs (D:5)
  3 kobolds (D:6)
9 creatures vanquished.

Vanquished Creatures (others)
  A gnoll bouda (D:6)
  A human simulacrum (D:11)
  2 starspawn tentacles (Spider:3)
4 creatures vanquished.

Grand Total: 753 creatures vanquished

Notes
Turn   | Place    | Note
-------+----------+-------------------------------------------
     0 | D:1      | Amplified the Demonspawn Artificer began the quest for the
                  | Orb.
     0 | D:1      | Reached XP level 1. HP: 15/15 MP: 1/1
    71 | D:1      | Found a large runed translucent door.
    71 | D:1      | Found a large runed translucent door.
   279 | D:1      | Gained mutation: You are partially covered in sharp spines.
                  | [demonic ancestry]
   279 | D:1      | Reached XP level 2. HP: 21/21 MP: 2/2
   284 | D:1      | Reached skill level 1 in Maces & Flails
   938 | D:2      | Reached skill level 2 in Fighting
  1311 | D:2      | Reached XP level 3. HP: 27/27 MP: 3/3
  1734 | D:3      | Found a snail-covered altar of Cheibriados.
  1899 | D:3      | Reached XP level 4. HP: 34/34 MP: 4/4
  2072 | D:3      | Reached skill level 3 in Fighting
  2600 | D:4      | Reached XP level 5. HP: 23/41 MP: 5/5
  2814 | D:4      | Found a runed translucent door.
  2836 | D:4      | Noticed bimbombam's ghost (amateur OpSh)
  2919 | D:4      | Reached skill level 4 in Fighting
  2919 | D:4      | Gained mutation: You are partially covered in thin metallic
                  | scales. (AC +2) [demonic ancestry]
  2919 | D:4      | Reached XP level 6. HP: 48/48 MP: 6/6
  3812 | D:5      | Entered Level 5 of the Dungeon
  4052 | D:5      | Reached skill level 1 in Axes
  4264 | D:5      | Noticed a wyvern
  4275 | D:5      | Gained mutation: You have large cloven feet. [demonic
                  | ancestry]
  4275 | D:5      | Reached XP level 7. HP: 55/55 MP: 7/7
  4281 | D:5      | Killed a wyvern
  4282 | D:5      | Reached skill level 5 in Fighting
  4911 | D:6      | Found Lasuck's Antique Weapon Shoppe.
  5271 | D:6      | Reached skill level 6 in Fighting
  5271 | D:6      | Gained mutation: You regenerate a little health from kills.
                  | [demonic ancestry]
  5271 | D:6      | Reached XP level 8. HP: 58/64 MP: 8/8
  5343 | D:6      | Found a hazy altar of Hepliaklqana.
  5779 | D:6      | Found a staircase to the Ecumenical Temple.
  5788 | Temple   | Entered the Ecumenical Temple
  5807 | Temple   | Became a worshipper of Warmaster Okawaru
  6124 | D:7      | Reached skill level 1 in Invocations
  6309 | D:7      | Noticed Menkaure
  6588 | D:7      | Reached skill level 7 in Fighting
  6704 | D:7      | Reached skill level 5 in Axes
  7133 | D:7      | Killed Menkaure
  7133 | D:7      | Reached * piety under Okawaru
  7134 | D:7      | Reached XP level 9. HP: 51/72 MP: 11/11
  7467 | D:8      | Found an opulent altar of Gozag.
  7536 | D:8      | Identified the +1 cloak of Recklessness {Fly}
  7579 | D:8      | Reached skill level 5 in Armour
  7722 | D:8      | Reached skill level 5 in Invocations
  7933 | D:8      | Found a radiant altar of Vehumet.
  8060 | D:8      | Noticed a centaur warrior
  8060 | D:8      | Noticed a centaur warrior
  8060 | D:8      | Noticed an orc knight
  8109 | D:8      | Reached skill level 8 in Fighting
  8123 | D:9      | Found a staircase to the Orcish Mines.
  8176 | D:8      | Reached ** piety under Okawaru
  8291 | D:9      | Reached XP level 10. HP: 71/82 MP: 12/15
  8320 | D:9      | Reached *** piety under Okawaru
  8499 | D:9      | Noticed an angel
  8521 | D:9      | Noticed Maggie
  8538 | D:9      | Killed Maggie
  8539 | D:9      | Reached skill level 9 in Fighting
  8658 | D:9      | Noticed Grum
  8675 | D:9      | Killed Grum
  8681 | D:9      | Reached **** piety under Okawaru
  9027 | D:9      | Found a basalt altar of Yredelemnul.
  9029 | D:9      | Noticed a profane servitor
  9225 | D:9      | Noticed Maurice
  9228 | D:9      | Maurice changed into Maurice the centaur
  9228 | D:9      | Noticed Maurice
  9235 | D:9      | Killed Maurice the centaur
  9898 | D:10     | Entered Level 10 of the Dungeon
  9904 | D:10     | Found a hide-covered altar of Uskayaw.
  9939 | D:10     | Noticed Josephine
  9963 | D:10     | Killed Josephine
  9968 | D:10     | Found a portal to a secret trove of treasure.
 10302 | D:10     | Found an ancient bone altar of Kikubaaqudgha.
 10378 | D:10     | Reached XP level 11. HP: 79/90 MP: 18/18
 10436 | D:10     | Found a shimmering blue altar of Sif Muna.
 10513 | D:10     | Reached skill level 10 in Fighting
 10680 | D:10     | Found a sparkling altar of Nemelex Xobeh.
 11685 | D:11     | Reached ***** piety under Okawaru
 11686 | D:11     | Reached skill level 10 in Invocations
 11727 | D:11     | Found a staircase to the Lair.
 11747 | D:11     | Noticed a centaur warrior
 11758 | D:11     | Killed a centaur warrior
 12368 | D:8      | Found a runed translucent door.
 12368 | D:8      | Identified the +1 chain mail of the Hall of Blades {rElec
                  | rCorr Str+5}
 12368 | D:8      | Noticed a centaur warrior
 12792 | D:12     | Received a gift from Okawaru
 13110 | D:12     | Noticed a deep elf pyromancer
 13121 | D:12     | Killed a deep elf pyromancer
 13122 | D:12     | Reached skill level 1 in Throwing
 13348 | D:12     | Reached skill level 11 in Fighting
 13712 | D:12     | Noticed Jorgrun
 13813 | Orc:1    | Entered Level 1 of the Orcish Mines
 13813 | Orc:1    | Noticed an orc warlord
 13948 | Lair:1   | Entered Level 1 of the Lair of Beasts
 14068 | Lair:1   | Found a frozen archway.
 14087 | Lair:1   | Noticed Jeremiah
 14111 | Lair:1   | Gained mutation: You regenerate health from kills. [demonic
                  | ancestry]
 14111 | Lair:1   | Reached XP level 12. HP: 17/97 MP: 17/20
 14119 | Lair:1   | Killed Jeremiah
 14243 | IceCv    | Entered an ice cave
 15553 | IceCv    | Reached skill level 10 in Axes
 16058 | IceCv    | Found an ancient bone altar of Kikubaaqudgha.
 16918 | IceCv    | Got the Grimoire of Loathsome Rime
 17140 | Lair:2   | Noticed an eight-headed hydra
 17154 | Lair:2   | Killed an eight-headed hydra
 17374 | Lair:2   | Found a hole to the Spider Nest.
 17388 | Lair:2   | Noticed a four-headed hydra
 17390 | Lair:2   | Noticed a seven-headed hydra
 17413 | Lair:2   | Killed a four-headed hydra
 17426 | Lair:2   | Identified the +0 pair of gloves "Togip" {Harm}
 17592 | Lair:2   | Noticed an eight-headed hydra
 17612 | Lair:2   | Killed an eight-headed hydra
 17613 | Lair:2   | Gained mutation: You regenerate a lot of health from kills.
                  | [demonic ancestry]
 17613 | Lair:2   | Reached XP level 13. HP: 98/107 MP: 14/21
 17688 | Lair:2   | Reached skill level 12 in Fighting
 17770 | Lair:2   | Found a shimmering blue altar of Sif Muna.
 17938 | Lair:3   | Found a gate leading to a gauntlet.
 17941 | Lair:3   | You are sucked into a shaft and drop 1 floor!
 17975 | Lair:4   | Received a gift from Okawaru
 18080 | Lair:3   | Found a staircase to the Shoals.
 18125 | Gauntlet | Entered a Gauntlet
 18125 | Gauntlet | Found the +7 great mace "Undeadhunter" {deathbane, rN+}
 18125 | Gauntlet | Found a transporter.
 18125 | Gauntlet | Found a transporter.
 18129 | Gauntlet | Found a transporter.
 18129 | Gauntlet | Found a transporter.
 18143 | Gauntlet | Found a transporter.
 18153 | Gauntlet | Found a transporter.
 18153 | Gauntlet | Found a transporter.
 18158 | Gauntlet | Found a transporter.
 18185 | Gauntlet | Found a transporter.
 18192 | Gauntlet | Found a transporter.
 18228 | Gauntlet | Found a transporter.
 18247 | Gauntlet | Found a transporter.
 18262 | Gauntlet | Found a transporter.
 18276 | Gauntlet | Found a transporter.
 18376 | Gauntlet | Found a transporter.
 18390 | Gauntlet | Found a transporter.
 18490 | Gauntlet | Paralysed by a hornet for 3 turns
 18504 | Gauntlet | Identified the ring "Jeompalo" {Int+6 Slay+5}
 18626 | Gauntlet | Identified the +3 chain mail "Ekket" {rElec Str-5 Int+8
                  | Stlth+}
 18636 | Gauntlet | Identified the +3 ring mail "Syrph" {*Corrode Dex+2 Slay+2}
 18636 | Gauntlet | Noticed a minotaur
 18650 | Gauntlet | Killed a minotaur
 18664 | Gauntlet | Got the Elucidation of the Damaging Geodesic
 18684 | Gauntlet | Identified the +11 flail "Eveshr Vousk" {freeze, rPois rC+}
 18790 | Lair:4   | Received a gift from Okawaru
 18791 | Lair:4   | Reached skill level 13 in Fighting
 18833 | Lair:5   | Entered Level 5 of the Lair of Beasts
 19106 | Lair:5   | Reached skill level 5 in Maces & Flails
 19158 | Lair:5   | Reached skill level 10 in Armour
 19158 | Lair:5   | Gained mutation: You have hoof-like feet. [demonic
                  | ancestry]
 19158 | Lair:5   | Reached XP level 14. HP: 112/118 MP: 18/23
 19161 | Lair:5   | Received a gift from Okawaru
 19180 | Lair:5   | Identified the +1 orcbow "Demonslayer" {drain, Dex+2}
 19855 | Lair:5   | Got an earthy gem with 1376 turns to spare
 20594 | D:13     | Noticed Frances
 20602 | D:13     | Reached skill level 14 in Fighting
 20616 | D:13     | Killed Frances
 20863 | D:13     | Found the +8 mithril axe "Arga" {speed, Will+}
 21418 | D:13     | Found a gate to the Vaults.
 21429 | D:13     | Reached skill level 1 in Dodging
 21706 | D:14     | Noticed Nessos
 21719 | D:14     | Killed Nessos
 22032 | D:14     | Noticed Kirke
 22041 | D:14     | Killed Kirke
 22513 | D:14     | Found a blossoming altar of Fedhas.
 22717 | D:15     | Entered Level 15 of the Dungeon
 22800 | D:15     | Received a gift from Okawaru
 22899 | D:15     | Gained mutation: You punish those that try to bend your
                  | will. (Will+) [demonic ancestry]
 22899 | D:15     | Reached XP level 15. HP: 93/127 MP: 24/24
 22983 | D:15     | Noticed a fire giant
 23013 | D:15     | Killed a fire giant
 23094 | D:15     | Found a staircase to the Depths.
 23128 | D:15     | Found Pewnor's General Store.
 23132 | D:15     | Bought 2 potions of heal wounds for 200 gold pieces
 23132 | D:15     | Bought a scroll of fear for 80 gold pieces
 23803 | D:8      | Received a gift from Okawaru
 23808 | D:8      | Reached skill level 5 in Dodging
 23840 | D:8      | Identified the +1 leather armour "Heutsokh" {Will- Str+8
                  | Dex-4 Stlth+}
 23933 | D:4      | Killed bimbombam's ghost
 24076 | Orc:1    | Reached skill level 15 in Fighting
 24210 | Orc:2    | Entered Level 2 of the Orcish Mines
 24274 | Orc:2    | Found a staircase to the Elven Halls.
 24491 | Orc:2    | Received a gift from Okawaru
 24610 | Orc:2    | Found Nofavoets's Distillery.
 24611 | Orc:2    | Found Puorek's Magic Scroll Shop.
 24625 | Orc:2    | Found Faderoil's Jewellery Shoppe.
 24661 | Orc:2    | Received a gift from Okawaru
 24694 | Orc:2    | Found Ysanwoef's Jewellery Boutique.
 24724 | Orc:2    | Bought a potion of heal wounds for 60 gold pieces
 24724 | Orc:2    | Bought a potion of haste for 120 gold pieces
 24724 | Orc:2    | Bought a potion of might for 48 gold pieces
 24734 | Orc:2    | Bought a scroll of fear for 56 gold pieces
 24734 | Orc:2    | Bought a scroll of teleportation for 42 gold pieces
 24734 | Orc:2    | Bought a scroll of enchant armour for 105 gold pieces
 24785 | Orc:2    | Noticed jazmu's ghost (journeyman FoHu)
 24805 | Orc:2    | Found an iron altar of Okawaru.
 24805 | Orc:2    | Found a runed translucent gate.
 24805 | Orc:2    | Found a runed translucent gate.
 24805 | Orc:2    | Found a runed translucent gate.
 25048 | Orc:2    | Killed jazmu's ghost
 25352 | Orc:2    | Bought the amulet "Ocodiv" {rElec rN+ Regen+ Str-5 Slay+5}
                  | for 821 gold pieces
 25357 | Orc:2    | Bought the ring of Sieceelu {rPois Will+ Dex+3} for 544
                  | gold pieces
 25384 | Orc:2    | Bought a ring of resist corrosion for 280 gold pieces
 25596 | Spider:1 | Entered Level 1 of the Spider Nest
 25774 | Spider:1 | Identified the +0 scale mail of the Sun {Regen+}
 25870 | Spider:1 | Received a gift from Okawaru
 25942 | Spider:3 | Noticed Bai Suzhen
 26020 | Spider:2 | Reached XP level 16. HP: 75/137 MP: 23/25
 26384 | Spider:3 | Noticed Mlioglotl
 26404 | Spider:3 | Noticed a tentacled starspawn
 26407 | Spider:3 | Noticed a tentacled starspawn
 26416 | Spider:3 | Killed Mlioglotl
 26476 | Spider:3 | Engulfed by Bai Suzhen's thunder

Illustrated notes

Levels and vault maps discovered:
D:1:      erik_arrival_cave_to_civilisation [erik_arrival_cave_to_temple],
          layout_basic, chequers_serial_rivers_small_b
D:2:      layout_loops_ring
D:3:      minmay_diamond_boxcup, layout_basic, mainiacjoe_overflow_boulevard
D:4:      layout_cave_pools, ebering_ghost_reflecting_pool
D:5:      layout_basic
D:6:      layout_loops_ring, overflow_temple_1_default,
          minmay_temple_entry_antechambers, nicolae_stop_n_shop_2
D:7:      layout_basic, uniq_menkaure
D:8:      minmay_gate_of_8, layout_cave_pools, vehumet_statue,
          mainiacjoe_overflow_brackets
D:9:      layout_basic, grunt_temple_overflow_holy_war,
          minmay_orc_entry_guard_dogs, corexii_hall_statues_s, uniq_maurice,
          uniq_maggie, uniq_grum
D:10:     layout_basic, nicolae_uskayaw_murder_on_the_dancefloor,
          kennysheep_vampire_church, nemelex_xobeh_ov_fountains_minmay,
          nicolae_sif_muna_condensation, enter_trove_3, uniq_josephine
D:11:     layout_loops_corners, minmay_lair_entry_grove, bh_circular_ruins
D:12:     layout_gridville, uniq_jorgrun
D:13:     dreamdust_isle_of_ice, layout_basic,
          hellmonk_vaults_attempted_burglary, uniq_frances
D:14:     layout_stronghold, fedhas_altar_4, uniq_kirke, uniq_nessos
D:15:     grunt_enter_depths_giant_problem, layout_irregular_city, serial_shops,
          shop, serial_bayou_lagoon_a
Temple:   hellmonk_temple_flake
Lair:1:   layout_regular_city, portal_ice_cave_entry_pillars_2, uniq_jeremiah
Lair:2:   layout_small_grid, spider_nest_entry_webs, basic_altar,
          eino_small_chamber_without_monster, serial_bayou_shore_b
Lair:3:   layout_small_grid, shoals_dummy_entry, gauntlet_entry_generic
Lair:4:   layout_regular_city, slime_entry_1, infiniplex_staircase_pool
Lair:5:   guppyfry_lair_end_dragon, layout_small_grid, wormcave,
          serial_bayou_shore_b
Spider:1: layout_spider_delve, nicolae_spider_swamp_cousins
Spider:2: layout_spider_delve
Spider:3: layout_chambers, uniq_bai_suzhen, uniq_arachne, uniq_mlioglotl
Orc:1:    layout_diamond_mine
Orc:2:    st_orc_open, layout_diamond_mine, maelrawn_ghost_gauntlet_escape,
          okawaru_metal_pillars_1_2

Skill      XL: |  1  2  3  4  5  6  7  8  9 10 11 12 13 14 15 16 |
---------------+-------------------------------------------------+-----
Maces & Flails | 1 2 3 5 6 |  6.8
Fighting       | 2 3 4 6 7 8 9 11 13 14 15 | 15.9
Armour         | 2 3 4 5 6 7 8 10 11 12 | 12.9
Axes           | 1 3 5 6 7 9 11 12 13 14 | 14.2
Invocations    | 3 6 9 11 12 | 12.2
Throwing       | 2 3 |  3.9
Dodging        | 4 8 9 |  9.3
Stealth        | |  0.8
Evocations     | |  3.0

Action                     |  1- 3 |  4- 6 |  7- 9 | 10-12 | 13-15 | 16-18 || total
---------------------------+-------+-------+-------+-------+-------+-------++-------
  Melee: Club              |    29 |       |       |       |       |       ||    29
         Whip              |    61 |    17 |       |       |       |       ||    78
         Punch             |     1 |     2 |     4 |    32 |    41 |    10 ||    90
         Flail             |       |    49 |       |       |   274 |    12 ||   335
         Hand axe          |       |    34 |   218 |   758 |   217 |       ||  1227
         Kick              |       |       |    63 |   317 |   254 |       ||   634
         Unarmed           |       |       |     9 |       |       |       ||     9
         Morningstar       |       |       |       |    32 |     4 |       ||    36
         Broad axe         |       |       |       |       |   595 |    99 ||   694
  Throw: Dart              |       |     1 |     1 |     3 |     3 |       ||     8
         Boomerang         |       |     3 |    19 |    70 |       |       ||    92
         Throwing net      |       |       |     1 |     1 |       |       ||     2
 Invoke: Heroism           |       |       |     3 |    38 |    26 |     2 ||    69
         Finesse           |       |       |       |     7 |     7 |     1 ||    15
  Evoke: Wand              |     6 |    16 |     5 |    19 |     2 |       ||    48
         Lightning rod     |       |       |       |       |     7 |     1 ||     8
         Condenser vane    |       |       |       |       |     3 |       ||     3
         Phial of floods   |       |       |       |       |     1 |       ||     1
    Use: Scroll            |     2 |     5 |     9 |    14 |     5 |     2 ||    37
         Potion            |       |     1 |     2 |    12 |     7 |       ||    22
   Stab: Betrayed ally     |       |       |     1 |       |       |       ||     1
         Petrified         |       |       |       |       |     3 |       ||     3
         Confused          |       |       |       |       |     1 |       ||     1
         Distracted        |       |       |       |       |     1 |       ||     1
         Held in net/web   |       |       |       |       |       |     4 ||     4
 Armour: Leather armour    |    26 |       |       |    44 |       |       ||    70
         Plate armour      |    45 |   109 |   187 |    28 |       |       ||   369
         Skin              |       |       |     3 |     8 |     9 |       ||    20
         Swamp dragon scal |       |       |       |   353 |       |       ||   353
         Crystal plate arm |       |       |       |    91 |   903 |   106 ||  1100
  Dodge: Dodged            |    33 |    16 |    57 |   440 |   281 |    26 ||   853
